 Dungeon Sprint DCSS version 0.16-a0-3761-g2321f2b (webtiles) character file.

1997 BluebellGnoll the Warrior (level 9, -5/101 HPs)
             Began as a Minotaur Berserker on Jan 23, 2015.
             Was a High Priest of Trog.
             Slain by a blink frog (12 damage)
             ... in the Dungeon (Sprint IX: "|||||||||||||||||||||||||||||").
             The game lasted 00:04:29 (618 turns).

BluebellGnoll the Warrior (Minotaur Berserker)       Turns: 618, Time: 00:04:30

Health: -5/101     AC:  7    Str: 25    XL:     9   Next: 2%
Magic:  4/4        EV: 13    Int:  4    God:    Trog [*****.]
Gold:   0          SH:  0    Dex: 10    Spells: 0 memorised, 8 levels left

rFire  . . .     SeeInvis .     m - +2 halberd (distort)
rCold  . . .     Clarity  .     a - +2 ring mail
rNeg   . . .     SustAb   .     (no shield)
rPois  .         Gourm    .     (helmet restricted)
rElec  .         Spirit   .     (no cloak)
rCorr  .         Warding  .     (no gloves)
rMut   .         NoTele   +     (no boots)
MR     .....                    (no amulet)
Stlth  ..........               (no ring)
                                b - +2 ring of evasion

@: lethally poisoned, not resistant to hostile enchantments, extremely
unstealthy
A: retaliatory headbutt, horns 2
a: Burn Spellbooks, Berserk, Trog's Hand, Brothers in Arms, Renounce Religion


You were in the Dungeon.
You worshipped Trog.
Trog was extremely pleased with you.
You were not hungry.

You visited 1 branch

Inventory:

Hand weapons
 m - a +2 halberd of distortion (weapon)
 o - a +3 arbalest of flaming
Missiles
 f - 8 steel javelins (quivered)
Armour
 a - a +2 ring mail (worn)
Jewellery
 b - a +2 ring of evasion (left hand)
Magical devices
 l - a wand of draining (4)
Scrolls
 i - 3 scrolls of blinking
 k - 5 scrolls of remove curse
 q - a scroll of magic mapping
 s - a scroll of fear
 t - 2 scrolls of enchant armour
Potions
 d - 5 potions of curing
 e - 9 potions of heal wounds
 g - 4 potions of magic
 h - 3 potions of berserk rage
 j - a potion of invisibility
 n - 2 potions of cure mutation {unknown}
Comestibles
 c - a bread ration
 p - a chunk of flesh
 r - a slice of pizza


   Skills:
 - Level 16.7 Fighting
 - Level 13.0 Polearms
 + Level 9.0 Throwing
 - Level 2.4 Armour
 - Level 2.1 Dodging


You had 8 spell levels left.
You didn't know any spells.

Dungeon Overview and Level Annotations

Branches:
Dungeon (1/1)

Altars:
Cheibriados
Dithmenos
Elyvilon
Fedhas
Gozag
Kikubaaqudgha
Makhleb
Nemelex Xobeh
Okawaru
Qazlal
Ru
Sif Muna
Trog
Vehumet
Xom
Yredelemnul
Zin
The Shining One
Beogh
Jiyva
Lugonu


Innate Abilities, Weirdness & Mutations

You reflexively headbutt those who attack you in melee.
You have a pair of horns on your head.


Message History

Unknown command.
Use which ability? (? or * to list)
Your deep troll goes berserk!
You feel somewhat more hungry.
You feel sick.
The blink frog blinks!
The five-headed hydra barely misses you.
The five-headed hydra bites you.
* * * LOW HITPOINT WARNING * * *
The five-headed hydra bites you!
* * * LOW HITPOINT WARNING * * *
The five-headed hydra barely misses you.
The five-headed hydra bites you!
* * * LOW HITPOINT WARNING * * *
Unknown command.
You swap places.
* * * LOW HITPOINT WARNING * * *
You feel sick.
Your deep troll bites the five-headed hydra.
Your deep troll claws the five-headed hydra! x2
The blink frog hits you!
You die...

▓_▓.▓.▓
▓_▓.▓.▓
▓_▓.▓.▓
▓_▓.▓.▓
▓_▓.▓h▓
▓_▓.▓Y▓
▓_▓.▓D▓
▓_▓.▓T▓
▓_▓.▓@▓
▓_▓.▓F▓
▓'▓.▓.▓
▓.▓.▓.▓
▓.▓)▓.▓
▓.▓.▓)▓
▓.▓.▓.▓
▓.▓.▓.▓
▓'▓.▓.▓


You could see a five-headed hydra, a yak, a blink frog, a wolf and a friendly
deep troll (berserk).

Vanquished Creatures
  A gargoyle (D)
  2 spiny frogs (D)
  A troll (D)
  A yak (D)
  Eustachio (D)
  A hungry ghost (D)
  A phantom (D)
  An orc warrior (D)
  A giant frog (D)
  2 killer bees (D)
  2 hounds (D)
  An iguana (D)
  A worker ant (D)
  An adder (D)
  A river rat (D)
  An adder skeleton (D)
  2 giant geckos (D)
  A hobgoblin (D)
  A quokka (D)
  A bat (D)
  2 giant newts (D)
  A quokka zombie (D)
  A rat (D)
28 creatures vanquished.

Notes
Turn   | Place    | Note
--------------------------------------------------------------
     0 | D        | BluebellGnoll, the Minotaur Berserker, began the quest for the Orb.
     0 | D        | Reached XP level 1. HP: 19/19 MP: 1/1
     8 | D        | Reached skill level 4 in Polearms
    13 | D        | Acquired Trog's second power
    13 | D        | Reached skill level 5 in Polearms
    46 | D        | Noticed a worker ant
    55 | D        | Reached skill level 6 in Polearms
    55 | D        | Reached XP level 2. HP: 26/26 MP: 1/1
    59 | D        | Killed a worker ant
    59 | D        | Reached skill level 8 in Polearms
    59 | D        | Reached XP level 3. HP: 31/31 MP: 2/2
    68 | D        | Received a gift from Trog
    74 | D        | Found a glowing silver altar of Zin.
    74 | D        | Found a glowing golden altar of the Shining One.
    74 | D        | Found an ancient bone altar of Kikubaaqudgha.
    74 | D        | Found a basalt altar of Yredelemnul.
    74 | D        | Found a shimmering altar of Xom.
    74 | D        | Found a radiant altar of Vehumet.
    74 | D        | Found an iron altar of Okawaru.
    75 | D        | Found a burning altar of Makhleb.
    76 | D        | Found a deep blue altar of Sif Muna.
    77 | D        | Found a bloodstained altar of Trog.
    78 | D        | Found a sparkling altar of Nemelex Xobeh.
    79 | D        | Found a white marble altar of Elyvilon.
    80 | D        | Found a roughly hewn altar of Beogh.
    81 | D        | Found a viscous altar of Jiyva.
    82 | D        | Found a corrupted altar of Lugonu.
    83 | D        | Found a blossoming altar of Fedhas.
    84 | D        | Found a snail-covered altar of Cheibriados.
    85 | D        | Found a shadowy altar of Dithmenos.
    86 | D        | Found a stormy altar of Qazlal.
    87 | D        | Found an opulent altar of Gozag.
    88 | D        | Found a sacrificial altar of Ru.
   131 | D        | Noticed a hungry ghost
   131 | D        | Noticed a killer bee
   131 | D        | Noticed a giant frog
   131 | D        | Noticed a phantom
   131 | D        | Noticed an orc warrior
   131 | D        | Noticed a troll
   133 | D        | Killed a troll
   133 | D        | Acquired Trog's third power
   133 | D        | Reached skill level 12 in Fighting
   133 | D        | Reached XP level 4. HP: 53/57 MP: 2/2
   133 | D        | Reached XP level 5. HP: 58/63 MP: 2/2
   133 | D        | Reached XP level 6. HP: 65/71 MP: 3/3
   136 | D        | Killed a phantom
   136 | D        | Reached skill level 14 in Fighting
   137 | D        | Killed an orc warrior
   137 | D        | Reached skill level 15 in Fighting
   140 | D        | Killed a giant frog
   140 | D        | Reached XP level 7. HP: 70/83 MP: 3/3
   143 | D        | Killed a killer bee
   146 | D        | Killed a hungry ghost
   146 | D        | Reached skill level 16 in Fighting
   233 | D        | Noticed a centaur
   233 | D        | Noticed a hound
   233 | D        | Noticed an iguana
   233 | D        | Noticed a killer bee
   233 | D        | Noticed a gargoyle
   237 | D        | Killed a killer bee
   239 | D        | Killed an iguana
   248 | D        | Killed a hound
   248 | D        | Reached skill level 10 in Polearms
   253 | D        | Received a gift from Trog
   265 | D        | Killed a gargoyle
   265 | D        | Reached XP level 8. HP: 31/94 MP: 3/3
   541 | D        | Noticed Eustachio
   551 | D        | Killed Eustachio
   607 | D        | Noticed a blink frog
   607 | D        | Noticed a yak
   607 | D        | Noticed a five-headed hydra
   607 | D        | Noticed a hound
   607 | D        | Noticed a spiny frog
   607 | D        | Noticed a spiny frog
   610 | D        | Killed a spiny frog
   610 | D        | Reached skill level 5 in Throwing
   612 | D        | Noticed a yak
   613 | D        | Killed a spiny frog
   614 | D        | Noticed a wolf
   614 | D        | Killed a hound
   616 | D        | Killed a yak
   616 | D        | Received a gift from Trog
   616 | D        | Reached XP level 9. HP: 35/101 MP: 4/4
   618 | D        | Slain by a blink frog

Action                   |  1- 3 |  4- 6 |  7- 9 || total
-------------------------+-------+-------+-------++-------
Melee: Spear             |    33 |       |       ||    33
       Halberd           |     1 |     7 |    38 ||    46
Invok: Trog's Hand       |     2 |       |     3 ||     5
       Berserk           |     1 |       |       ||     1
       Brothers in Arms  |       |       |     1 ||     1
Evoke: Wand              |       |       |     3 ||     3
  Use: Potion            |     1 |       |       ||     1
 Stab: Sleeping          |     1 |       |       ||     1
  Eat: Chunk             |       |       |     1 ||     1
